 Dungeon Crawl Stone Soup version 0.27-a0-1378-gdefffd1ff6 (webtiles) character file.

Game seed: 3041691823542361384

2361 Tocho the Cleaver (level 9, -1/96 HPs)
             Began as an Ogre Berserker on June 29, 2021.
             Was a Priest of Trog.
             Slain by a centaur simulacrum (8 damage)
             ... on level 7 of the Dungeon.
             The game lasted 00:08:38 (8641 turns).

Tocho the Cleaver (Ogre Berserker)                  Turns: 8641, Time: 00:08:39

Health: -1/96      AC:  4    Str: 32    XL:     9   Next: 44%
Magic:  9/9        EV: 11    Int: 12    God:    Trog [***...]
Gold:   370        SH:  0    Dex:  8    Spells: 8/8 levels left

rFire    . . .     SeeInvis .   B - +5 war axe
rCold    . . .     Faith    .   (no shield)
rNeg     + . .     Spirit   .   C - +0 robe
rPois    .         Reflect  .   (helmet restricted)
rElec    .         Harm     .   r - +0 cloak "Iczaciyrgh" {+Blink Int+4}
rCorr    .         Rampage  .   (gloves unavailable)
Will     ++...                  (boots unavailable)
Stlth    +.........             (no amulet)
HPRegen  1.26/turn              n - +6 ring of strength
MPRegen  0.11/turn              j - ring of positive energy

@: strong-willed, on berserk cooldown, regenerating
A: large, unfitting armour, tough skin 1
a: Renounce Religion, Evoke Blink, Berserk, Trog's Hand


You were on level 7 of the Dungeon.
You worshipped Trog.
Trog was most pleased with you.
You visited 1 branch of the dungeon, and saw 7 of its levels.

You collected 370 gold pieces.

Inventory:

Hand Weapons
 B - a +5 war axe (weapon)
Missiles
 l - 4 boomerangs
 u - 32 poisoned darts
Armour
 b - a +0 animal skin
 k - a +0 cloak
 r - the +0 cloak "Iczaciyrgh" (worn) {+Blink Int+4}
   (You found it on level 4 of the Dungeon)

   Int:       It affects your intelligence (+4).
   +Blink:    It lets you blink.
 C - a +0 robe (worn)
Jewellery
 a - a ring of resist corrosion
 j - a ring of positive energy (right hand)
 m - a ring of protection from cold
 n - a +6 ring of strength (left hand)
 w - a ring of protection from fire
Wands
 c - a wand of digging (1)
 f - a wand of flame (14) (quivered)
Scrolls
 g - 6 scrolls of teleportation
 o - 2 scrolls of brand weapon {unknown}
 p - a scroll of fear
 s - 2 scrolls of amnesia {unknown}
 t - a scroll of summoning
 x - 2 scrolls of acquirement {unknown}
 y - a scroll of blinking {unknown}
 z - 2 scrolls of vulnerability
 D - a scroll of immolation {unknown}
Potions
 d - 3 potions of flight
 h - 2 potions of haste {unknown}
 i - a potion of lignification {unknown}
 q - a potion of mutation {unknown}
 v - a potion of cancellation {unknown}
 A - a potion of resistance {unknown}


   Skills:
 + Level 8.3 Fighting
 + Level 9.8 Axes
 + Level 5.7 Dodging
 - Level 1.5 Stealth


You had 8 spell levels left.
You didn't know any spells.
Your spell library was empty.

Dungeon Overview and Level Annotations

Branches:
Dungeon (7/15)             Temple (0/1) D:5

Altars:
Ashenzari
Dithmenos
Elyvilon
Gozag
Kikubaaqudgha
Okawaru
Ru
Sif Muna
Wu Jian
Xom
Zin

Shops:
D:2 :


Innate Abilities, Weirdness & Mutations

You are too large for most types of armour.
You have tough skin. (AC +1)


Message History

* * * LOW HITPOINT WARNING * * *
You feel much better. The centaur simulacrum hits you.
The centaur simulacrum freezes you!
The centaur simulacrum closely misses you.
The centaur simulacrum misses you.
The centaur simulacrum barely misses you.
Okay, then.
You fail to use your ability.
The centaur simulacrum misses you.
The centaur simulacrum barely misses you.
The centaur simulacrum hits you but does no damage.
The centaur simulacrum kicks you but does no damage.
You blink.
Okay, then.
You feel yourself speed up. The centaur simulacrum hits you.
The centaur simulacrum freezes you.
The centaur simulacrum barely misses you.
The centaur simulacrum hits you. The centaur simulacrum freezes you!
* * * LOW HITPOINT WARNING * * *
The centaur simulacrum kicks you.
* * * LOW HITPOINT WARNING * * *
The centaur simulacrum freezes you!
* * * LOW HITPOINT WARNING * * *
Unknown command.
Okay, then.
Your skin crawls.
You feel strong-willed.
The centaur simulacrum closely misses you.
The centaur simulacrum kicks you but does no damage.
Okay, then.
You fail to use your ability.
The centaur simulacrum hits you.
* * * LOW HITPOINT WARNING * * *
The centaur simulacrum freezes you!
* * * LOW HITPOINT WARNING * * *
The centaur simulacrum kicks you but does no damage.
The centaur simulacrum completely misses you.
The centaur simulacrum kicks you but does no damage.
You fail to use your ability.
The centaur simulacrum hits you.
* * * LOW HITPOINT WARNING * * *
The centaur simulacrum freezes you!
You die...

### #..# ####....#._.#######
..###.## #...#####...#......
...#.##########.#.# ##.##.####.
...#..............## #'#..# ##
......####..#####..# #...##
....###..####...##.## ##### ##
.#.## .Y.5.......#..## ####. #..#
Y.Y5.Y.###..##..# ####....
...##.Z#[.... #@.#..# ###.......
....#..#...=.. #Z.#..###.........
..#.#..##.....##..#.....>........
.##.#...###$/##..##..............
>##.##....####...#.[#............
.....#..........##..#............
.....##.........#..........).....
...#..##.......##.###............
...##..###'''###..# #.....<).....


You could see a centaur simulacrum.

Vanquished Creatures
  The ghost of spiderkeys the Agent of Entropy, a novice PaAK of Lugonu (D:7)
  Maggie (D:6)
  2 ice beasts (D:7)
  A sky beast (D:7)
  An ogre (D:7)
  A scorpion (D:7)
  2 elf skeletons (D:6)
  A hornet simulacrum (D:7)
  7 wights
  2 centaur zombies
  4 hounds
  2 centaur skeletons
  2 jellies (D:5)
  A bullfrog skeleton (D:7)
  3 iguanas
  A human skeleton (D:6)
  Terence (D:2)
  A mummy (D:5)
  A killer bee simulacrum (D:7)
  4 gnolls (D:4)
  4 adders
  3 white imps (D:7)
  An adder skeleton (D:4)
  A worm (D:4)
  A dart slug (D:1)
  3 orcs
  9 endoplasms
  3 giant cockroaches
  6 goblins
  5 hobgoblins
  12 jackals
  A quokka (D:3)
  5 ball pythons
  3 bats
  2 frilled lizards
  A hobgoblin zombie (D:5)
  3 kobolds
  2 kobold zombies (D:5)
  2 orc skeletons (D:6)
  2 orc zombies
  5 rats
113 creatures vanquished.

Notes
Turn   | Place    | Note
-------+----------+-------------------------------------------
     0 | D:1      | Tocho the Ogre Berserker began the quest for the Orb.
     0 | D:1      | Reached XP level 1. HP: 24/24 MP: 1/1
   341 | D:1      | Reached XP level 2. HP: 24/32 MP: 2/2
   910 | D:2      | Reached XP level 3. HP: 35/40 MP: 3/3
  1400 | D:2      | Noticed Terence
  1405 | D:2      | Killed Terence
  1406 | D:2      | Reached XP level 4. HP: 49/49 MP: 4/4
  1457 | D:2      | Found Vipuz's Book Shop.
  1622 | D:2      | Found a faded altar of an unknown god.
  2184 | D:2      | Reached skill level 4 in Axes
  2360 | D:3      | Found an ornate altar of the Wu Jian Council.
  2795 | D:3      | Reached XP level 5. HP: 48/55 MP: 5/5
  2884 | D:3      | Reached ** piety under Trog
  3032 | D:3      | Found a shimmering altar of Xom.
  3275 | D:4      | Reached skill level 5 in Fighting
  3403 | D:4      | Identified the +0 cloak "Iczaciyrgh" {+Blink Int+4}
  3548 | D:4      | Reached XP level 6. HP: 44/66 MP: 6/6
  3947 | D:4      | Reached skill level 5 in Axes
  4430 | D:5      | Entered Level 5 of the Dungeon
  4430 | D:5      | Found a staircase to the Ecumenical Temple.
  5248 | D:5      | Found a broken altar of Ashenzari.
  5248 | D:5      | Found an ancient bone altar of Kikubaaqudgha.
  5249 | D:5      | Found an iron altar of Okawaru.
  5335 | D:5      | Found a shadowy altar of Dithmenos.
  5628 | D:6      | Reached skill level 1 in Stealth
  5628 | D:6      | Reached XP level 7. HP: 73/74 MP: 7/7
  5637 | D:6      | HP: 1/70 [wight (4)]
  5642 | D:6      | Reached skill level 6 in Axes
  6090 | D:6      | Found a white marble altar of Elyvilon.
  6128 | D:6      | Noticed Maggie
  6143 | D:6      | Killed Maggie
  6144 | D:6      | Reached skill level 7 in Axes
  6144 | D:6      | Reached XP level 8. HP: 20/84 MP: 8/8
  6427 | D:6      | Found a sacrificial altar of Ru.
  6917 | D:7      | Found a runed translucent gate.
  6921 | D:7      | Found a runed translucent gate.
  6921 | D:7      | Found a runed translucent gate.
  7062 | D:7      | Reached *** piety under Trog
  7063 | D:7      | Reached skill level 8 in Axes
  7063 | D:7      | Reached skill level 5 in Dodging
  7284 | D:7      | Found a shimmering blue altar of Sif Muna.
  7348 | D:7      | Noticed spiderkeys's ghost (novice PaAK)
  8182 | D:7      | Found an opulent altar of Gozag.
  8233 | D:7      | Found a glowing silver altar of Zin.
  8607 | D:7      | Killed spiderkeys's ghost
  8608 | D:7      | Reached skill level 9 in Axes
  8608 | D:7      | Reached XP level 9. HP: 51/96 MP: 9/9
  8628 | D:7      | HP: 2/96 [centaur simulacrum (10)]
  8641 | D:7      | Slain by a centaur simulacrum

Illustrated notes

Levels and vault maps discovered:
D:1:      denvon_arrival_hothouse, layout_basic, lemuel_old_faithful
D:2:      layout_basic, serial_shops, nicolae_shop_crystal,
          hellmonk_ecumenical_altar_inner_sanctum, minmay_tetromino_l4,
          uniq_terence
D:3:      layout_loops_corners, nzn_wu_jian_contemplation, xom_teletrap_fun,
          moated_statue
D:4:      layout_rooms, chequers_decorated_corner
D:5:      layout_loops_corners, lemuel_doored_altar,
          gammafunk_temple_overflow_claw, temple_fountains, minmay_mini_ossuary
D:6:      layout_loops_ring, overflow_temple_1_default, elyvilon_altar_4,
          nicolae_ossuary_entry_catacombs, uniq_maggie
D:7:      layout_cave_pods, pdpol_temple_overflow_zin_treasury_gozag_greed,
          lemuel_round_altar, gammafunk_ghost_icy

Skill      XL: |  1  2  3  4  5  6  7  8 |
---------------+-------------------------+-----
Dodging        | 3 4 5 |  5.7
Axes           | 4 5 7 9 |  9.8
Fighting       | 5 6 8 |  8.3
Stealth        | 1 |  1.5

Action                   |  1- 3 |  4- 6 |  7- 9 || total
-------------------------+-------+-------+-------++-------
Melee: Hand axe          |    93 |    85 |       ||   178
       War axe           |       |    96 |   133 ||   229
Invok: Berserk           |     1 |     2 |     3 ||     6
       Trog's Hand       |       |       |     4 ||     4
 Abil: Evoke Blink       |       |       |     1 ||     1
  Use: Potion            |       |       |     5 ||     5
       Scroll            |       |       |     7 ||     7
 Stab: Sleeping          |       |       |     4 ||     4
Armor: Animal skin       |    26 |    66 |     2 ||    94
       Robe              |       |       |    34 ||    34
Dodge: Dodged            |    54 |    95 |    67 ||   216

Table legend: (Time is in decaauts)
 A = Elapsed time spent in this place.
 B = Non-inter-level travel time spent in this place.
 C = Inter-level travel time spent in this place.
 D = Time resting spent in this place.
 E = Time spent auto-exploring this place.
 F = Levels seen in this place.
 G = Mean time per level.
                   A        B        C        D        E       F      G
               +--------+--------+--------+--------+--------+-----+--------+
         Total |   8754 |   8553 |    201 |   1329 |   6334 |   7 | 1250.6 |
       Dungeon |   8754 |   8553 |    201 |   1329 |   6334 |   7 | 1250.6 |
               +--------+--------+--------+--------+--------+-----+--------+

Top non-repeatable levels by time:
     D:7: 1843 daAuts
     D:2: 1426 daAuts
     D:6: 1257 daAuts
     D:4: 1194 daAuts
     D:5: 1174 daAuts
     D:3: 1041 daAuts
     D:1: 818 daAuts
